Map: Lerilak Crest

Players

starscream

  • Race: Protoss Protoss
  • League: Silver

lesha - Winner!

  • Race: Terran Terran
  • League: Silver

VOD

Have the link to the VOD?

Description

Time

  • Played on: Dec. 17, 2015, 10:04 a.m.
  • Length: 11:37
Show
View Real Time Build Order
Export as new Build Order

starscream Protoss 

Build Orders:  

Get SALT Encoding   

  12  0:04  Probe (Chrono Boost)  
  14  0:14  Probe (Chrono Boost)  
  14  0:25  Probe (Chrono Boost)  
  14  0:26  Pylon  
  15  0:48  Gateway  
  15  0:51  Gateway  
  15  0:56  Assimilator  
  15  1:20  Pylon  
  15  1:26  Assimilator  
  15  1:29  Probe (Chrono Boost)  
  16  1:39  Probe (Chrono Boost)  
  17  1:50  Probe (Chrono Boost)  
  18  1:57  Cybernetics Core  
  18  2:00  Probe (Chrono Boost)  
  19  2:04  Forge  
  19  2:11  Probe (Chrono Boost)  
  19  2:13  Pylon  
  20  2:24  Probe (Chrono Boost)  
  21  2:34  Stalker  
  21  2:35  Probe (Chrono Boost)  
  24  2:45  Probe (Chrono Boost)  
  24  2:56  Probe (Chrono Boost), Photon Cannon  
  23  3:03  Stalker  
  24  3:08  Probe (Chrono Boost)  
  23  3:19  Probe (Chrono Boost)  
  24  3:29  Probe (Chrono Boost)  
  25  3:40  Mothership Core (Chrono Boost)  
  27  3:42  Protoss Ground Weapons Level 1  
  27  3:52  Pylon  
  27  3:58  Probe (Chrono Boost)  
  27  3:59  Stalker  
  30  4:03  Sentry  
  30  4:09  Probe (Chrono Boost)  
  33  4:36  Nexus  
  33  4:46  Twilight Council  
  33  4:49  Pylon  
  33  4:59  Photon Cannon  
  33  5:15  Robotics Facility  
  33  5:20  Pylon  
  33  5:34  Dark Shrine  
  33  5:40  Pylon  
  33  5:45  Protoss Ground Armor Level 1  
  33  5:54  Stalker  
  35  6:00  Probe (Chrono Boost)  
  36  6:10  Probe (Chrono Boost)  
  37  6:20  Stalker  
  37  6:21  Probe (Chrono Boost)  
  40  6:31  Probe (Chrono Boost)  
  41  6:34  Immortal  
  45  6:42  Probe (Chrono Boost)  
  45  6:45  Pylon  
  46  6:49  Pylon  
  46  6:50  Assimilator  
  46  6:52  Probe (Chrono Boost)  
  47  6:54  Assimilator  
  47  7:03  Probe (Chrono Boost)  
  48  7:13  Probe (Chrono Boost)  
  48  7:14  Dark Templar  
  51  7:19  Dark Templar  
  53  7:24  Probe (Chrono Boost)  
  54  7:34  Probe (Chrono Boost)  
  54  7:36  Protoss Air Weapons Level 1  
  55  7:39  Protoss Ground Weapons Level 2  
  55  7:45  Probe (Chrono Boost)  
  55  7:49  Observer  
  57  7:53  Sentry  
  57  7:55  Probe (Chrono Boost), Stargate  
  57  7:58  Stalker  
  62  8:01  Pylon  
  62  8:06  Probe (Chrono Boost)  
  63  8:13  Stargate  
  63  8:26  Pylon  
  63  8:30  Pylon  
  63  8:32  Photon Cannon  
  63  8:41  Photon Cannon  
  63  8:42  Photon Cannon  
  61  9:00  Photon Cannon  
  61  9:08  Dark Templar x2  
  65  9:17  Photon Cannon  
  65  9:20  Photon Cannon  
  65  9:34  Fleet Beacon  
  65  9:40  Photon Cannon  
  65  9:59  Void Ray  
  69  10:05  Pylon  
  69  10:09  Void Ray  
  73  10:33  Nexus  
  73  10:37  Assimilator  
  73  10:41  Assimilator  
  73  10:45  Pylon  
  73  10:51  Pylon  
  73  11:02  Photon Cannon  
Show
View Real Time Build Order
Export as new Build Order

lesha Terran - Winner!

Build Orders: Reaper Expand, MMM Bio 

Get SALT Encoding   

  12  0:01  SCV  
  13  0:13  SCV  
  14  0:18  Supply Depot  
  14  0:25  SCV  
  15  0:40  SCV  
  16  0:43  Barracks  
  16  0:49  Refinery  
  16  0:52  SCV  
  17  1:05  SCV  
  18  1:25  SCV  
  19  1:34  Reaper  
  20  1:40  Command Center  
  20  1:41  Orbital Command  
  20  1:49  Refinery  
  20  2:06  Marine  
  21  2:10  SCV  
  22  2:21  Supply Depot  
  22  2:23  SCV  
  23  2:42  Marine  
  23  2:43  SCV  
  25  2:55  SCV  
  26  3:00  Marine  
  26  3:05  Orbital Command  
  27  3:07  SCV  
  28  3:19  SCV  
  28  3:20  Barracks  
  28  3:21  Barracks  
  28  3:22  Barracks  
  28  3:27  Barracks Tech Lab  
  28  3:31  SCV  
  29  3:42  Factory  
  29  3:46  Orbital Command  
  29  3:48  Marauder  
  31  3:50  Stimpack  
  31  3:56  SCV  
  32  4:08  SCV  
  32  4:09  Supply Depot x2  
  33  4:10  Supply Depot  
  33  4:11  Barracks Reactor x2  
  33  4:12  Supply Depot, Marine  
  34  4:24  SCV x2  
  36  4:30  Marauder  
  38  4:36  SCV x2, Factory Tech Lab  
  40  4:45  Bunker  
  40  4:48  SCV x2, Barracks Reactor  
  40  4:49  Marine x4  
  40  4:50  Bunker  
  46  4:58  Starport  
  46  5:04  Marauder  
  46  5:06  Marine x2  
  49  5:07  Marine x2  
  49  5:14  Siege Tank  
  55  5:23  SCV x2  
  55  5:25  Marauder  
  59  5:29  Refinery  
  59  5:32  Refinery  
  59  5:35  SCV  
  59  5:36  SCV  
  59  5:39  Engineering Bay  
  59  5:41  Marine x5  
  59  5:42  Marine  
  67  5:43  Engineering Bay, Starport Reactor  
  67  5:47  SCV  
  67  5:48  SCV  
  67  5:49  Marauder  
  71  5:54  Combat Shields  
  71  5:59  Marine x5  
  71  6:02  SCV x2  
  78  6:13  Supply Depot  
  78  6:15  Terran Infantry Weapons Level 1  
  78  6:18  Supply Depot  
  78  6:19  Supply Depot  
  78  6:26  Terran Infantry Armor Level 1  
  78  6:34  SCV x2  
  78  6:35  Marauder  
  78  6:37  Marine x4  
  78  6:39  Medivac, Marine x2  
  90  6:46  SCV x2  
  92  6:51  Supply Depot  
  92  6:52  Supply Depot  
  92  6:54  Medivac  
  94  6:56  Supply Depot, Marauder  
  94  6:57  Marine  
  94  6:58  Marine x5  
  102  7:13  Concussive Shells  
  104  7:17  Marauder  
  104  7:20  Barracks  
  104  7:21  Barracks  
  104  7:35  SCV x2  
  106  7:39  Marauder  
  106  7:40  Marine x4  
  106  7:41  Marine  
  106  7:42  Command Center, Marine  
  114  7:47  SCV x2  
  114  7:49  Raven  
  118  8:05  Marine x6  
  121  8:08  Marauder  
  126  8:18  Armory  
  126  8:34  Supply Depot  
  126  8:35  Supply Depot  
  126  8:36  Supply Depot x2  
  126  8:48  Marine  
  126  8:53  Marine  
  126  8:54  Marauder, Marine x4  
  133  9:06  Marine  
  134  9:11  Marine x5  
  134  9:15  Barracks Reactor x2  
  139  9:17  Raven  
  141  9:27  Orbital Command  
  141  9:35  Marine x5  
  147  9:39  Marauder  
  147  9:42  Marine  
  149  9:51  Command Center  
  149  9:53  Orbital Command, Marine x3  
  152  10:00  Marauder, Medivac  
  156  10:22  Marauder  
  156  10:26  Marine x2  
  156  10:27  Marine x7  
  156  10:28  Marine  
  168  10:30  Medivac  
  170  10:43  Marine  
  170  10:44  Marine x2  
Tags
 
Add a new tag
Caveats
  • Supply blocks, unpowered buildings, or Contaminate may cause inaccurate times.
  • Supply counts are checked every 10 seconds.